 Dungeon Crawl Stone Soup version 0.30-a0-311-gf115ab0292 (webtiles) character file.

Game seed: 22851680878217873

678 purpskrrrp the Ruffian (level 7, -2/99 HPs)
             Began as a Troll Fighter on Oct 25, 2022.
             Was a Believer of Sif Muna.
             Killed by divine providence
             ... invoked by an orc priest
              (8 damage)
             ... on level 4 of the Dungeon.
             The game lasted 00:05:07 (2850 turns).

purpskrrrp the Ruffian (Troll Fighter)              Turns: 2850, Time: 00:05:08

Health: -2/99      AC: 23    Str: 27    XL:     7   Next: 34%
Magic:  6/6        EV:  1    Int:  4    God:    Sif Muna [**....]
Gold:   168        SH:  7    Dex:  9    Spells: 6/6 levels left

rFire   . . .      SeeInvis .      - Unarmed
rCold   . . .      Faith    .    b - +0 kite shield
rNeg    . . .      Spirit   .    (body armour currently unavailable)
rPois   +          Reflect  .    (helmet currently unavailable)
rElec   .          Harm     .    (cloak currently unavailable)
rCorr   .          Rampage  .    (gloves unavailable)
Will    .....      NoTele   +    (boots unavailable)
Stlth   +.........               (no amulet)
HPRegen 1.16/turn                (no ring)
MPRegen 0.10/turn                (no ring)

@: mighty, tree-form, studying Transmutations
A: stationary, stasis, torment immunity, boosted hp, large, unfitting armour,
(claws 3), regeneration 1, (shaggy fur 1), (tough skin 1)
a: Renounce Religion, Channel Magic


You were on level 4 of the Dungeon.
You worshipped Sif Muna.
Sif Muna was pleased with you.
You were a tree.
You visited 1 branch of the dungeon, and saw 4 of its levels.

You collected 168 gold pieces.

Inventory:

Hand Weapons
 w - the +2 trident of Qiczekyp {freeze, Fly rF+ Stlth+}
   (You took it off a goblin on level 4 of the Dungeon)

   It freezes those it strikes, dealing additional cold damage.
   It can also slow down cold-blooded creatures.
   rF:        It protects you from fire.
   Fly:       It grants you flight.
   Stlth:     It makes you more stealthy.
Armour
 a - a +0 robe (melded)
 b - a +0 kite shield (worn)
 x - a +0 cloak (melded)
Scrolls
 c - a scroll of torment {unknown}
 d - 2 scrolls of fear {unknown}
 e - a scroll of brand weapon {unknown}
 f - a scroll of noise {unknown}
 g - 3 scrolls of identify {unknown}
 j - a scroll of poison {unknown}
 m - a scroll of immolation {unknown}
 n - 3 scrolls of vulnerability {unknown}
 o - 3 scrolls of amnesia {unknown}
 p - 3 scrolls of teleportation {unknown}
 t - 3 scrolls of blinking {unknown}
 u - a scroll of enchant armour {unknown}
 v - a scroll of silence {unknown}
Potions
 h - a potion of curing {unknown}
 i - a potion of lignification
 k - a potion of brilliance {unknown}
 l - 2 potions of haste {unknown}
 q - a potion of invisibility {unknown}
 r - a potion of flight {unknown}


   Skills:
 - Level 2.4 Fighting
 - Level 2.4 Dodging
 - Level 2.6 Shields
 + Level 6.1 Unarmed Combat
 + Level 5.9 Transmutations


You had 6 spell levels left.
You didn't know any spells.
Your spell library contained the following spells:

 Spells                   Type           Power      Damage    Failure   Level
 Passwall                 Tmut/Erth      1%         N/A       54%         2
 Ensorcelled Hibernation  Hex/Ice        0%         N/A       91%         2
 Swiftness                Air            0%         N/A       99%         3


Dungeon Overview and Level Annotations

Branches:
Dungeon (4/15)             Temple (0/1) D:4

Altars:
Elyvilon
Fedhas
Kikubaaqudgha
Sif Muna
Wu Jian
Xom

Annotations:
D:3 2 transporters, jlumianski's ghost, weakling DsGl


Innate Abilities, Weirdness & Mutations

You are a tree.
Your roots penetrate the ground, keeping you stationary.
You cannot be teleported.
You are immune to unholy pain and torment.
Your maximum health is greatly increased.
Your equipment is partially melded.
You are too large for most types of armour.
((You have claws for hands.))
Your natural rate of healing is unusually fast.
((You are covered in fur. (AC +1)))
((You have tough skin. (AC +1)))


Message History

Something hits you but does no damage.
The orc priest hits you from afar with a +0 vorpal trident.
* * * LOW HITPOINT WARNING * * *
x2 You mangle the orc!!
You kill the orc!
Sif Muna accepts your kill. Something hits you but does no damage.
The orc priest miscasts a cantrip.
You barely miss something.
The orc priest calls down the wrath of Beogh upon you.
Beogh smites you!
* * * LOW HITPOINT WARNING * * *
Something hits you.
* * * LOW HITPOINT WARNING * * *
You closely miss something.
The orc priest hits you from afar with a +0 vorpal trident.
* * * LOW HITPOINT WARNING * * *
x2 Something hits you.
* * * LOW HITPOINT WARNING * * *
You mangle something!! Sif Muna accepts your kill.
Reactivating autopickup.
You feel a bit more experienced. You block the orc priest's attack.
Your life force feels restored.
Okay, then.
Okay, then.
It was a potion of lignification.
You turn into a tree.
Your +0 cloak melds into your body.
Your +0 robe melds into your body.
Your roots penetrate the ground.
The orc priest hits you but does no damage.
The orc priest hits you but does no damage.
The orc priest hits you but does no damage.
The orc priest looks braver for a moment.
There are monsters nearby!
There are monsters nearby!
The orc priest hits you from afar with a +0 vorpal trident.
* * * LOW HITPOINT WARNING * * *
x2 The orc priest invokes the aid of Beogh against you.
Beogh smites you!
You die...

#.#
#.###....####.#####.####
#.# #.##...⌠...# # #.#
#.# #.##.......##.###
#.# #.#
#....⌠.>.⌠......# #.####
#.# ####............#
#..... #.#
#...o..{o..... ......
######.# ##.#o###.....#
###### .......# #.#)#
....# ### ########
#.#♣## #.########..
#.)..##.# ..........
#..#....# #######.#
##...#### #....
##.############.###
#..............# #
##############.### #....
#####


You could see an orc priest and an orc.

Vanquished Creatures
  Grinder (D:3)
  Sigmund (D:2)
  An ogre (D:4)
  An orc priest (D:3)
  An iguana (D:3)
  2 orc wizards (D:4)
  3 gnolls (D:3)
  3 adders (D:2)
  A worm (D:2)
  A dart slug (D:3)
  12 orcs
  5 ball pythons
  9 endoplasms
  A giant cockroach (D:2)
  6 goblins
  7 hobgoblins
  3 kobolds
  4 quokkas
  3 bats
  A frilled lizard (D:3)
  7 rats
  A spectral goblin (D:2)
74 creatures vanquished.

Notes
Turn   | Place    | Note
-------+----------+-------------------------------------------
     0 | D:1      | purpskrrrp the Troll Fighter began the quest for the Orb.
     0 | D:1      | Reached XP level 1. HP: 22/22 MP: 0/0
     3 | D:1      | Noticed an electric eel
     6 | D:1      | Noticed an electric eel
   244 | D:1      | Reached XP level 2. HP: 23/29 MP: 1/1
   591 | D:2      | Reached skill level 3 in Unarmed Combat
   598 | D:2      | Reached skill level 1 in Transmutations
   639 | D:2      | Found a faded altar of an unknown god.
   703 | D:2      | Reached XP level 3. HP: 36/36 MP: 2/2
   734 | D:2      | Prayed at the altar of an unknown god.
   734 | D:2      | Became a worshipper of Sif Muna the Loreminder
   734 | D:2      | Reached * piety under Sif Muna
  1065 | D:2      | Noticed Sigmund
  1081 | D:2      | Killed Sigmund
  1082 | D:2      | Reached skill level 4 in Unarmed Combat
  1082 | D:2      | Reached XP level 4. HP: 33/44 MP: 3/3
  1082 | D:2      | Reached XP level 5. HP: 37/50 MP: 4/4
  1275 | D:3      | Found a blossoming altar of Fedhas.
  1288 | D:3      | Reached XP level 6. HP: 54/59 MP: 5/5
  1301 | D:3      | Found a white marble altar of Elyvilon.
  1301 | D:3      | Found a shimmering blue altar of Sif Muna.
  1304 | D:3      | Found an ancient bone altar of Kikubaaqudgha.
  1339 | D:3      | Noticed Grinder
  1352 | D:3      | Paralysed by Grinder for 2 turns
  1361 | D:3      | Killed Grinder
  1362 | D:3      | Reached skill level 5 in Unarmed Combat
  1362 | D:3      | Reached skill level 5 in Transmutations
  1579 | D:3      | Found a shimmering altar of Xom.
  1594 | D:3      | Found a transporter.
  1594 | D:3      | Noticed jlumianski's ghost (weakling DsGl)
  1595 | D:3      | Identified the +1 giant club of the Final Decision {vamp,
                  | rC+++ Will- rCorr Str-4}
  1596 | D:3      | Found a transporter.
  1653 | D:3      | Reached ** piety under Sif Muna
  2083 | D:3      | Reached XP level 7. HP: 51/66 MP: 6/6
  2608 | D:4      | Identified the +2 trident of Qiczekyp {freeze, Fly rF+
                  | Stlth+}
  2620 | D:4      | Reached skill level 6 in Unarmed Combat
  2685 | D:4      | Found an ornate altar of the Wu Jian Council.
  2813 | D:4      | Found a staircase to the Ecumenical Temple.
  2843 | D:4      | HP: 3/65 [something (2)]
  2850 | D:4      | Killed from afar by an orc priest

Illustrated notes

Levels and vault maps discovered:
D:1:      arrival_aquarium_b, layout_rooms
D:2:      layout_loops_ring, dreamdust_ecumenical_altar_drowned_temple,
          uniq_sigmund
D:3:      layout_loops_corners, mainiacjoe_overflow_brackets,
          grunt_temple_overflow_open, gammafunk_ghost_smash, uniq_grinder
D:4:      layout_loops_ring, lemuel_doored_altar, temple_fountains,
          minmay_misc_feat_hallway

Skill      XL: |  1  2  3  4  5  6  7 |
---------------+----------------------+-----
Unarmed Combat | 3 4 5 6 |  6.1
Transmutations | 1 3 4 5 |  5.9
Fighting       | |  2.4
Dodging        | |  2.4
Shields        | |  2.6

Action                   |  1- 3 |  4- 6 |  7- 9 || total
-------------------------+-------+-------+-------++-------
Melee: Unarmed           |    84 |    74 |    59 ||   217
  Use: Potion            |     1 |       |     2 ||     3
Armor: Robe              |    23 |     8 |    13 ||    44
       Skin              |       |       |     3 ||     3
Dodge: Dodged            |    13 |    13 |    24 ||    50
Block: Kite shield       |    30 |    22 |    30 ||    82

Table legend: (Time is in decaauts)
 A = Elapsed time spent in this place.
 B = Non-inter-level travel time spent in this place.
 C = Inter-level travel time spent in this place.
 D = Time resting spent in this place.
 E = Time spent auto-exploring this place.
 F = Levels seen in this place.
 G = Mean time per level.
                   A        B        C        D        E       F      G
               +--------+--------+--------+--------+--------+-----+--------+
         Total |   2878 |   2744 |    134 |     17 |   2135 |   4 |  719.5 |
       Dungeon |   2878 |   2744 |    134 |     17 |   2135 |   4 |  719.5 |
               +--------+--------+--------+--------+--------+-----+--------+

Top non-repeatable levels by time:
     D:3: 1084 daAuts
     D:2: 703 daAuts
     D:4: 553 daAuts
     D:1: 537 daAuts
